 Dungeon Crawl Stone Soup version 0.19.1 (webtiles) character file.

490964 efeel the Earth Mage (level 24, -3/269 HPs)
             Began as an Octopode Conjurer on Dec 21, 2016.
             Was the Champion of Jiyva.
             Slain by a tengu reaver
             ... wielding a +3 long sword of electrocution
              (8 damage)
             ... on level 5 of the Vaults on Dec 22, 2016.
             The game lasted 06:59:14 (77241 turns).

efeel the Earth Mage (Octopode Conjurer)           Turns: 77241, Time: 06:59:14

Health: -3/269     AC: 39    Str:  8    XL:     24   Next: 72%
Magic:  19/54      EV: 18    Int: 33    God:    Jiyva [******]
Gold:   1192       SH: 17    Dex: 20    Spells: 10 memorised, 14 levels left

rFire  + . .     SeeInvis +     b - +8 trident of the Octopus King {venom, rElec rPois MR+}
rCold  . . .     Gourm    .     t - +0 shield {reflect}
rNeg   + + +     Faith    .     p - +2 hat {SInv}
rPois  ∞         Spirit   .     W - amulet of the Four Winds {rN+ MR+++ Clar}
rElec  +         Reflect  +     k - ring of magical power
rCorr  +         Harm     .     V - +5 ring of strength
MR     +++++     Clarity  +     M - ring of protection from cold
Stlth  +++.......               A - ring of stealth
                                r - ring of the Little Devil {rN+ AC+3 Int+2 Slay+2 Stlth-}
                                Z - +4 ring of dexterity
                                y - ring of fire
                                O - +5 ring of protection

@: statue-form, contaminated, glowing, constricted, very slow
A: almost no armour, stealthy swim, amphibious, 8 rings, constrict 8, fangs 1,
large bone plates 1, camouflage 1, clarity, sense surroundings 1, robust 2,
strong 1, acidic bite, (gelatinous body 0), tendrils, jelly sensing items, jelly
absorbing missiles
a: End Transformation, Request Jelly, Slimify, Cure Bad Mutation, Renounce
Religion
}: 3/15 runes: decaying, serpentine, slimy


You were on level 5 of the Vaults.
You worshipped Jiyva.
Jiyva was exalted by your worship.
You were very full.
You were a stone statue.
You visited 10 branches of the dungeon, and saw 50 of its levels.
You also visited: Bailey, Ice Cave and Desolation.

You collected 2581 gold pieces.
You spent 1389 gold pieces at shops.

Inventory:

Hand Weapons
 b - the +8 trident of the Octopus King (weapon) {venom, rElec rPois MR+}
   (You took it off a yaktaur on level 3 of the Depths)

   It poisons the flesh of those it strikes.
   It insulates you from electricity.
   It protects you from poison.
   It affects your resistance to hostile enchantments.
 g - a +0 quick blade of flaming
 D - the +4 flail of Diplaik {flame, rF- Str+2 Int+4 Dex+3}
   (You found it on level 6 of the Lair of Beasts)

   It has been specially enchanted to burn those struck by it, causing extra
   injury to most foes and up to half again as much damage against particularly
   susceptible opponents.
   It affects your strength (+2).
   It affects your intelligence (+4).
   It affects your dexterity (+3).
   It makes you vulnerable to fire.
Armour
 p - a +2 hat of see invisible (worn)
 t - a +0 shield of reflection (worn)
Magical Staves
 X - an uncursed staff of cold
Jewellery
 f - the amulet of Goafrus {Reflect rElec rPois Str-4 SH+2}
   (You bought it in a shop on level 2 of the Orcish Mines)

   [amulet of reflection]

   It shields you and reflects attacks.
   It affects your strength (-4).
   It insulates you from electricity.
   It protects you from poison.
   It affects your SH (+2).
 k - a ring of magical power (left tentacle)
 r - the ring of the Little Devil (on tentacle) {rN+ AC+3 Int+2 Slay+2 Stlth-}
   (You acquired it on level 4 of the Depths)

   [ring of protection]

   It affects your AC (+3).
   It affects your intelligence (+2).
   It affects your accuracy and damage with ranged weapons and melee attacks
   (+2).
   It protects you from negative energy.
   It makes you less stealthy.
 y - a ring of fire (on tentacle)
 A - a ring of stealth (on tentacle)
 M - a ring of protection from cold (on tentacle)
 O - a +5 ring of protection (on tentacle)
 Q - an uncursed ring of magical power
 R - an uncursed ring of flight
 V - a +5 ring of strength (right tentacle)
 W - the amulet of the Four Winds (around mantle) {rN+ MR+++ Clar}
   (You took it off a deep elf sorcerer on level 3 of the Elven Halls)

   [amulet of nothing]

   It protects you from negative energy.
   It affects your resistance to hostile enchantments.
   It protects you against confusion.
 Z - a +4 ring of dexterity (on tentacle)
Wands
 G - a wand of digging (6/24)
 H - a wand of teleportation (9/9)
Scrolls
 e - 8 scrolls of enchant armour
 h - a scroll of acquirement
 i - 7 scrolls of remove curse
 o - 3 scrolls of immolation
 q - 7 scrolls of recharging
 u - a scroll of fog
 z - 4 scrolls of identify
 B - 3 scrolls of enchant weapon
 L - a scroll of holy word
 P - 2 scrolls of summoning
 U - 2 scrolls of fear
Potions
 l - 9 potions of flight
 m - 3 potions of haste
 n - 5 potions of curing
 v - 10 potions of might
 w - a potion of invisibility
 x - 2 potions of resistance
 I - 4 potions of heal wounds
 N - 3 potions of agility
Books
 K - a book of Enchantments

   Spells                             Type                      Level
   a - Cause Fear                     Hexes                        4
   b - Yara's Violent Unravelling     Hexes/Transmutation          5
   c - Silence                        Hexes/Air                    5
   d - Deflect Missiles               Charms/Air                   6
   e - Discord                        Hexes                        8
 T - a book of Power

   Spells                             Type                      Level
   a - Fulminant Prism                Conjuration/Hexes            4
   b - Iskenderun's Mystic Blast      Conjuration                  4
   c - Venom Bolt                     Conjuration/Poison           5
   d - Bolt of Magma                  Conjuration/Fire/Earth       5
   e - Iron Shot                      Conjuration/Earth            6
   f - Orb of Destruction             Conjuration                  7
   g - Spellforged Servitor           Conjuration/Summoning        7
Miscellaneous
 E - 2 sacks of spiders
 F - a crystal ball of energy
Comestibles
 c - 4 royal jellies
 d - 7 bread rations
 C - 2 meat rations
 J - 7 slices of pizza
 S - 3 beef jerkies
 Y - 15 fruits


   Skills:
 + Level 16.8 Fighting
 - Level 10.5 Dodging
 - Level 14.4 Stealth
 - Level 15.4 Shields
 + Level 18.6 Spellcasting
 - Level 16.3 Conjurations
 - Level 4.0 Translocations
 - Level 20.8 Earth Magic


You had 14 spell levels left.
You knew the following spells:

 Your Spells              Type           Power        Failure   Level  Hunger
a - Magic Dart            Conj           ####         0%          1    None
b - Statue Form           Tmut/Erth      #######..    2%          6    None
c - Ozocubu's Armour      Chrm/Ice       ####....     3%          3    None
e - Fulminant Prism       Conj/Hex       ######....   1%          4    None
g - Blink                 Tloc           N/A          1%          2    None
h - Repel Missiles        Chrm/Air       ####..       1%          2    None
i - Orb of Destruction    Conj           #######...   1%          7    ###....
j - Iron Shot             Conj/Erth      ########..   1%          6    None
k - Shatter               Erth           ########..   21%         9    ######.
l - Deflect Missiles      Chrm/Air       ####......   99%         6    None


Dungeon Overview and Level Annotations

Branches:
Dungeon (15/15)            Temple (1/1) D:4            Lair (6/6) D:10
  Swamp (4/4) Lair:4        Snake (4/4) Lair:4        Slime (5/5) Lair:6
    Orc (2/2) D:9             Elf (3/3) Orc:2        Vaults (5/5) D:13
  Crypt (0/3) Vaults:3     Depths (5/5) D:15
    Zot: Depths:5

Altars:
Ashenzari
Cheibriados
Dithmenos
Elyvilon
Fedhas
Gozag
Hepliaklqana
Kikubaaqudgha
Makhleb
Nemelex Xobeh
Okawaru
Qazlal
Ru
Sif Muna
Trog
Uskayaw
Vehumet
Xom
Yredelemnul
Zin
The Shining One
Jiyva

Shops:
D:4 :   D:5 *   D:6 (   D:10 !*   Orc:2 [?}%=   Elf:1 }   Elf:2 :

Portals:
Hell: Depths:1 Depths:2 Depths:3 Depths:4
Abyss: Depths:1 Depths:4
Pandemonium: Orc:2 Depths:3
Ziggurat: Depths:2

Annotations:
D:9 exclusion: oklob plant
Slime:5 Royal Jelly
Elf:2 3 runed doors
Vaults:5 Boris


Innate Abilities, Weirdness & Mutations

You cannot wear most types of armour.
You are very stealthy in the water. (Stealth+)
You are amphibious.
You can wear up to eight rings at the same time.
You can use your tentacles to constrict eight enemies at once.
Your skin changes colour to match your surroundings (Stealth+).
((Your gelatinous body deflects attacks. (AC +3, EV +3)))
You have very sharp teeth.
(You are partially covered in large bone plates. (SH +4))
You possess an exceptional clarity of mind.
You passively map a small area around you.
You are very robust. (+20% HP)
Your muscles are strong. (Str +2)
You have acidic saliva.
You are covered in slimy tendrils that may disarm your opponents.
You have a small jelly attached to you that senses nearby items.
You have a small jelly attached to you that may absorb incoming projectiles.


Message History

* * * LOW HITPOINT WARNING * * *
The fire giant hits you with a great sword of flaming.
* * * LOW HITPOINT WARNING * * *
Boris casts a spell.
Boris flickers and vanishes for a moment.
The tentacled monstrosity closely misses you.
You block the tentacled monstrosity's attack.
The tentacled monstrosity closely misses you.
* * * LOW HITPOINT WARNING * * *
The tentacled monstrosity constricts you.
The golden dragon bites you!
* * * LOW HITPOINT WARNING * * *
The golden dragon claws you!!
* * * LOW HITPOINT WARNING * * *
The golden dragon completely misses you.
The titan mumbles some strange words.
The titan is healed somewhat.
You block the ironheart preserver's attack.
The tengu reaver hits you with a long sword of electrocution!
You die...

, * , * , ##
#...)#, , #..
*#....# , . ,
...# #)...#,∆..
.(.).#..).# ...
, *
.....#....#....
, *#...[)*.L....
*
####..X[Q[..###*
.....pC8CJ.[...
.....WLpD<.....
,
......DDW......
.....)[[[......
,
####p..*Q)C.###
* * , ,
[)....[..# ,
.........#9*
#..#.....##.. *
,


You could see Boris (invisible), a tentacled monstrosity, an iron dragon, 2
ironheart preservers, a titan, 2 golden dragons, an ancient lich (invisible), an
acid blob, a fire giant, a vault warden, 2 tengu reavers, an ettin, a war
gargoyle, a phantasmal warrior, a freezing wraith and 2 battlespheres.

Vanquished Creatures
  2 golden dragons
  4 tentacled monstrosities
  Asterion (Elf:3)
  A quicksilver dragon (Depths:3)
  A lich (Depths:1)
  A titan (Vaults:4)
  2 deep elf master archers (Elf:3)
  2 deep elf blademasters (Elf:3)
  Gastronok (D:10)
  3 sphinxes
  4 tengu reavers
  2 revenants (Vaults:3)
  Donald (Orc:2)
  2 thorn hunters (Swamp:4)
  3 shadow dragons
  7 nagarajas
  8 frost giants
  6 fire giants
  The ghost of kasmir the Impaler, an adept MfIE of Hepliaklqana (Snake:2)
  2 iron dragons
  4 deep elf sorcerers
  An imperial myrmidon (Desolation)
  8 vault wardens
  5 deep elf elementalists (Elf:3)
  8 ironheart preservers
  20 stone giants
  3 spriggan defenders
  2 entropy weavers (Vaults:3)
  28 very ugly things
  3 deep elf demonologists
  4 vampire knights
  5 spark wasps
  4 deep elf annihilators
  2 crystal guardians
  5 ettins
  A blizzard demon (Depths:3)
  8 deep elf death magi
  A merfolk impaler (Depths:1)
  Snorg (D:14)
  6 yaktaur captains
  8 fire dragons
  2 ragged hierophants (Desolation)
  The ghost of Pytinka the Spear-Bearer, a journeyman MiFi (Snake:1)
  A great orb of eyes (Depths:1)
  26 vault guards
  5 rakshasas
  A peacekeeper (Desolation)
  15 ice dragons
  Erolcha (D:10)
  16 hydras
  15 naga warriors
  An ice dragon (shapeshifter) (Vaults:5)
  6 ghost crabs (Swamp:4)
  A catoblepas (Lair:3)
  A ghost crab (shapeshifter) (Vaults:4)
  6 centaur warriors
  8 ogre magi
  A spriggan air mage (Depths:4)
  7 alligators
  13 anacondas
  7 deep troll shamans
  7 death yaks
  A hell hog (shapeshifter) (Vaults:4)
  3 tengu warriors
  10 deep troll earth magi
  A vampire mage (Depths:4)
  Urug (D:14)
  23 dancing weapons
  13 naga sharpshooters
  10 orc high priests
  3 spriggan berserkers (Depths:4)
  9 shock serpents
  4 iron trolls
  4 hell knights
  19 deep elf knights
  2 shadow wraiths (Depths:2)
  A titan skeleton (Vaults:3)
  A skeletal warrior (Vaults:4)
  4 swamp dragons
  2 spectral hydras (Swamp:4)
  5 salamander mystics (Snake:4)
  2 unseen horrors
  3 spriggan druids
  An infernal demonspawn (Orc:2)
  19 deep trolls
  3 shambling mangroves
  8 deep elf archers
  5 wizards
  A shadow dragon zombie (Vaults:3)
  11 naga ritualists
  3 lindwurms (Snake:4)
  The ghost of jomper the Cudgeler, a novice MiBe of Trog (D:7)
  6 phantasmal warriors
  11 ironbrand convokers
  6 flayed ghosts
  5 necromancers
  16 orc knights
  6 hill giants
  Pikel (D:9)
  A shadow dragon skeleton (Vaults:3)
  7 harpies
  56 ugly things
  2 wolf spiders
  2 wolf spider zombies (D:15)
  36 deep elf magi
  18 mana vipers
  7 orc sorcerers
  A stone giant zombie (Vaults:1)
  A tengu skeleton (Vaults:4)
  An oklob plant (Lair:4)
  A manticore (shapeshifter) (Vaults:4)
  A manticore (D:15)
  3 cyclopes (D:13)
  2 ice statues (IceCv)
  46 black mambas
  5 salamanders
  A stone giant skeleton (Vaults:3)
  2 moths of wrath (shapeshifter)
  26 naga magi
  Joseph (D:10)
  6 guardian serpents
  2 human skeletons
  A rust devil (Orc:2)
  11 vault sentinels
  A torpor snail (Lair:5)
  A smoke demon (Orc:2)
  6 centaur skeletons
  3 gargoyles
  37 spiny frogs
  A yaktaur zombie (Vaults:4)
  6 freezing wraiths
  3 rime drakes
  A hellwing (Depths:3)
  A redback zombie (D:15)
  14 komodo dragons
  4 swamp worm zombies (Swamp:4)
  A yaktaur (shapeshifter) (Vaults:3)
  28 yaktaurs
  An efreet (D:13)
  2 ice devils
  A tengu conjurer (D:15)
  6 hydra zombies (Swamp:4)
  A red devil (Depths:3)
  17 polar bears
  14 trolls
  A shadow dragon simulacrum (Vaults:3)
  3 meliai (D:15)
  A two-headed ogre (shapeshifter) (Depths:2)
  A troll (shapeshifter) (Vaults:4)
  12 tyrant leeches
  17 hornets
  2 raiju (shapeshifter)
  8 bog bodies
  A meliai zombie (D:13)
  18 two-headed ogres
  28 blink frogs
  A slime creature (Swamp:4)
  An ettin zombie (Vaults:4)
  A jumping spider (shapeshifter) (Depths:4)
  A wolf spider simulacrum (D:15)
  A harpy skeleton (D:15)
  5 saltlings
  3 spectral swamp dragons (Swamp:4)
  20 hippogriffs
  5 alligator zombies (Swamp:4)
  6 redbacks (Vaults:3)
  A fire giant simulacrum (Vaults:3)
  7 shadows
  8 air elementals
  A yak (shapeshifter) (Vaults:1)
  2 vampires
  14 wraiths
  13 water elementals
  11 spriggans
  6 fire elementals
  5 wyverns
  5 basilisks
  Sigmund (D:7)
  Eustachio (D:6)
  75 yaks
  3 hungry ghosts
  2 chaos spawn
  A redback simulacrum (D:15)
  A neqoxec (Orc:2)
  A human simulacrum (Vaults:3)
  17 vampire mosquitoes
  A yaktaur simulacrum (Vaults:1)
  A warg (shapeshifter) (Vaults:4)
  A mottled dragon (Lair:6)
  A soldier ant (D:12)
  20 swamp worms
  5 wargs
  21 insubstantial wisps
  36 nagas
  Duvessa (D:6)
  16 water moccasins
  A hell hound (shapeshifter) (Depths:4)
  6 porcupines
  56 orc warriors
  7 swamp drakes
  13 ice beasts
  3 slaves (D:9)
  A swamp dragon zombie (Swamp:4)
  3 black bears
  3 necrophages
  A hornet zombie (D:8)
  2 sky beasts
  13 centaurs
  An eye of draining (shapeshifter) (D:13)
  4 boggarts (Vaults:3)
  9 phantoms
  19 wolves
  22 crocodiles
  26 ogres
  An elf skeleton (Vaults:4)
  2 big kobolds
  A bullfrog (shapeshifter) (Depths:4)
  29 bullfrogs
  A wyvern zombie (D:7)
  Dowan (D:6)
  3 scorpions
  13 killer bees
  23 wights
  19 electric eels
  6 howler monkeys
  5 centaur zombies
  8 crimson imps
  3 bullfrog zombies
  9 hounds
  4 jellies
  27 orc priests
  Crazy Yiuf (D:7)
  8 bullfrog skeletons
  7 iguanas
  An iron imp (D:6)
  Natasha (D:3)
  17 orc wizards
  13 worker ants
  2 spectral swamp drakes (Swamp:4)
  A hound zombie (D:8)
  A hound skeleton (D:7)
  A howler monkey zombie (D:7)
  2 worker ant zombies
  15 adders
  4 shadow imps
  2 oozes
  2 adder zombies
  2 adder skeletons
  2 worms
  4 dart slugs
  11 leopard geckos
  79 orcs
  9 giant cockroaches
  5 goblins
  3 hobgoblins
  6 jackals
  6 quokkas
  3 ball pythons
  A ball python zombie (D:6)
  6 bats
  A frilled lizard (D:2)
  19 kobolds
  A leopard gecko skeleton (D:5)
  A quokka skeleton (D:8)
  A quokka zombie (D:8)
  2 rats
  2 fulminant prisms
  3 fungi
  5 plants
1944 creatures vanquished.

Vanquished Creatures (collateral kills)
  Jorgrun (Elf:3)
  A thorn hunter (Swamp:1)
  A frost giant (Depths:1)
  A vault warden (Vaults:2)
  3 stone giants
  An ettin (Depths:1)
  A naga warrior (Snake:3)
  2 ice dragons
  An ogre mage (Depths:1)
  A deep troll (Depths:3)
  A hill giant (shapeshifter) (Depths:3)
  A phantasmal warrior (Swamp:4)
  An orc knight (Bailey)
  An ugly thing (Depths:1)
  A guardian serpent (Snake:4)
  A swamp worm zombie (Swamp:4)
  2 two-headed ogres (Depths:1)
21 creatures vanquished.

Vanquished Creatures (others)
  A deep elf master archer (Elf:3)
  8 acid blobs
  A sphinx (Depths:2)
  A tengu reaver (Vaults:3)
  An azure jelly (Snake:4)
  3 deep elf sorcerers
  A frost giant (Depths:1)
  A deep elf elementalist (Elf:3)
  7 stone giants
  A war gargoyle (Vaults:5)
  2 very ugly things (Depths:1)
  A deep elf demonologist (Elf:3)
  A deep elf annihilator (Elf:3)
  3 merfolk javelineers
  12 great orbs of eyes
  A fire dragon (Depths:2)
  A deep elf high priest (Elf:3)
  2 yaktaur captains
  A naga warrior (Snake:4)
  A rakshasa (Depths:3)
  A hydra (Swamp:1)
  4 centaur warriors
  2 ogre magi
  A deep troll earth mage (Vaults:2)
  2 deep trolls (Depths:1)
  3 naga sharpshooters
  A flayed ghost (Vaults:1)
  A deep elf archer (Elf:1)
  3 glowing orange brains
  An unseen horror (D:14)
  A naga ritualist (Snake:4)
  4 wizards
  A harpy (Vaults:2)
  An ironbrand convoker (Vaults:3)
  A lindwurm (Snake:4)
  An orc knight (Orc:2)
  An eye of devastation (Slime:5)
  An orc sorcerer (Orc:2)
  2 deep elf magi
  5 ugly things
  41 slime creatures
  A black mamba (Snake:4)
  2 black mambas (shapeshifter)
  A vault sentinel (Vaults:2)
  A centaur skeleton (D:14)
  25 yaktaurs
  A hornet (Swamp:3)
  A hornet (shapeshifter) (Vaults:2)
  A tyrant leech (Swamp:4)
  4 two-headed ogres
  A hippogriff (D:14)
  An air elemental (Depths:5)
  A water elemental (Elf:1)
  2 yaks (D:13)
  2 floating eyes
  A fire elemental (Elf:2)
  7 nagas
  3 swamp worms
  A soldier ant (D:15)
  5 orc warriors
  A slave (D:11)
  A black bear (shapeshifter) (Depths:3)
  An ice beast (shapeshifter) (Elf:1)
  740 jellies
  A swamp drake (Swamp:4)
  An eye of draining (D:15)
  5 boggarts
  2 wolves (Lair:6)
  5 centaurs
  3 ogres
  3 bullfrogs
  A bullfrog (shapeshifter) (Depths:2)
  An earth elemental (Elf:1)
  2 electric eels (Lair:6)
  6 orc priests
  5 orc wizards
  A spectral swamp drake (Swamp:4)
  3 worker ants
  An adder (Depths:3)
  19 orcs
  6 briar patches (Swamp:4)
  304 fulminant prisms
  24 fungi
  A pillar of salt (Elf:1)
  75 plants
1401 creatures vanquished.

Grand Total: 3366 creatures vanquished

Notes
Turn   | Place    | Note
-------+----------+-------------------------------------------
     0 | D:1      | efeel the Octopode Conjurer began the quest for the Orb.
     0 | D:1      | Reached XP level 1. HP: 11/11 MP: 3/3
    99 | D:1      | Reached XP level 2. HP: 17/17 MP: 0/5
   322 | D:1      | Learned a level 2 spell: Searing Ray
   359 | D:1      | Reached XP level 3. HP: 21/21 MP: 0/6
   824 | D:2      | Found a faded altar of an unknown god.
   824 | D:2      | Found a faded altar of an unknown god.
   829 | D:2      | Found a glowing golden altar of the Shining One.
   831 | D:2      | Found a faded altar of an unknown god.
   833 | D:2      | Found a faded altar of an unknown god.
  1179 | D:2      | Found a glowing silver altar of Zin.
  1312 | D:2      | Reached XP level 4. HP: 27/27 MP: 1/8
  1500 | D:2      | Found a faded altar of an unknown god.
  1656 | D:3      | Reached skill level 5 in Conjurations
  1738 | D:3      | Learned a level 4 spell: Iskenderun's Mystic Blast
  2200 | D:3      | Found a deep blue altar of Sif Muna.
  2452 | D:3      | Noticed Natasha
  2456 | D:3      | Killed Natasha
  2456 | D:3      | Reached XP level 5. HP: 26/31 MP: 10/10
  2816 | D:4      | Found a staircase to the Ecumenical Temple.
  2835 | Temple   | Entered the Ecumenical Temple
  3165 | D:4      | Found Soget's Book Boutique.
  3270 | D:4      | Found a basalt altar of Yredelemnul.
  3445 | D:4      | Noticed a phantom
  3468 | D:4      | Killed a phantom
  3468 | D:4      | Reached XP level 6. HP: 35/36 MP: 9/12
  3620 | D:4      | Noticed an orc warrior
  3661 | D:3      | Killed an orc warrior
  3998 | D:4      | Found a stormy altar of Qazlal.
  4102 | D:5      | Entered Level 5 of the Dungeon
  4107 | D:5      | Reached skill level 5 in Spellcasting
  4107 | D:5      | Reached XP level 7. HP: 41/41 MP: 14/14
  4161 | D:5      | Found Emapruc's Assorted Antiques.
  4681 | D:5      | Learned a level 5 spell: Iskenderun's Battlesphere
  5370 | D:6      | Found Fasijafe's Weapon Boutique.
  5402 | D:6      | Noticed Eustachio
  5411 | D:6      | Reached XP level 8. HP: 37/46 MP: 17/17
  5471 | D:6      | Killed Eustachio
  5647 | D:6      | Noticed Dowan
  5656 | D:6      | Noticed Duvessa
  5697 | D:6      | Noticed a hippogriff
  5706 | D:6      | Killed a hippogriff
  6075 | D:6      | Reached XP level 9. HP: 51/51 MP: 20/20
  6285 | D:6      | Killed Duvessa
  6413 | D:6      | Killed Dowan
  6753 | D:6      | Found a snail-covered altar of Cheibriados.
  7129 | D:7      | Noticed jomper's ghost (novice MiBe)
  7274 | D:7      | Found a snail-covered altar of Cheibriados.
  7528 | D:7      | Noticed Sigmund
  7572 | D:7      | Reached skill level 10 in Conjurations
  7581 | D:7      | Killed Sigmund
  7586 | D:7      | Noticed a hornet
  7592 | D:7      | Killed a hornet
  7947 | D:7      | Reached XP level 10. HP: 55/56 MP: 23/23
  8226 | D:7      | Found a runed door.
  8541 | D:7      | Found a sparkling altar of Nemelex Xobeh.
  9019 | D:7      | Noticed Crazy Yiuf
  9021 | D:7      | Killed Crazy Yiuf
 10462 | D:9      | Found a stormy altar of Qazlal.
 10574 | D:9      | Reached skill level 10 in Spellcasting
 10587 | D:9      | Learned a level 4 spell: Fulminant Prism
 10735 | D:9      | Noticed Pikel
 11465 | D:8      | Reached skill level 1 in Fighting
 11578 | D:9      | Found a white marble altar of Elyvilon.
 11627 | D:9      | Found a staircase to the Orcish Mines.
 12025 | D:9      | Killed Pikel
 12025 | D:9      | Reached XP level 11. HP: 62/67 MP: 10/25
 12160 | D:10     | Entered Level 10 of the Dungeon
 12191 | D:10     | Noticed Joseph
 12199 | D:10     | Killed Joseph
 12486 | D:10     | Noticed Erolcha
 12523 | D:10     | Killed Erolcha
 12609 | D:10     | Found Meinal's Distillery.
 12811 | D:10     | Bought a potion of heal wounds for 60 gold pieces
 12811 | D:10     | Bought 2 potions of mutation for 60 gold pieces
 12811 | D:10     | Bought a potion of heal wounds for 60 gold pieces
 12811 | D:10     | Bought a potion of curing for 36 gold pieces
 12831 | D:10     | Reached skill level 5 in Fighting
 12972 | D:10     | Noticed Gastronok
 13326 | D:10     | Found Xoruiq's Assorted Antiques.
 13469 | D:10     | Killed Gastronok
 13691 | D:10     | Found a staircase to the Lair.
 13707 | Lair:1   | Entered Level 1 of the Lair of Beasts
 14538 | Lair:1   | Reached XP level 12. HP: 81/81 MP: 17/26
 15404 | Lair:2   | Reached skill level 5 in Stealth
 15431 | Lair:2   | HP: 4/81 [porcupine (13)]
 16295 | Lair:1   | Reached skill level 5 in Dodging
 16642 | Lair:2   | Found a bloodstained altar of Trog.
 17338 | D:4      | Bought a book of Minor Magic for 200 gold pieces
 17342 | D:4      | Learned a level 3 spell: Conjure Flame
 17345 | D:4      | Learned a level 2 spell: Blink
 17348 | D:4      | Learned a level 2 spell: Repel Missiles
 17487 | D:7      | Killed jomper's ghost
 17487 | D:7      | Reached skill level 1 in Translocations
 17657 | D:9      | Reached XP level 13. HP: 86/86 MP: 27/27
 17684 | D:9      | Found a hazy altar of Hepliaklqana.
 17772 | D:9      | Found a blossoming altar of Fedhas.
 19960 | Lair:4   | Reached skill level 10 in Stealth
 20463 | Lair:4   | Found a staircase to the Snake Pit.
 20499 | Lair:4   | Found a staircase to the Swamp.
 20946 | Lair:4   | Found a shimmering altar of Xom.
 22044 | Lair:4   | Reached skill level 15 in Conjurations
 23128 | Lair:6   | Entered Level 6 of the Lair of Beasts
 23458 | Lair:5   | Reached XP level 14. HP: 58/92 MP: 20/28
 26013 | Lair:6   | Found a viscous altar of Jiyva.
 26013 | Lair:6   | Found a staircase to the Slime Pits.
 26022 | Lair:6   | Became a worshipper of Jiyva Jeepoeru the Shapeless
 26056 | Lair:6   | Reached * piety under Jiyva
 26375 | D:9      | Reached ** piety under Jiyva
 26459 | Orc:1    | Entered Level 1 of the Orcish Mines
 26818 | Orc:2    | Entered Level 2 of the Orcish Mines
 26818 | Orc:2    | Found Unaa's Jewellery Shoppe.
 27527 | Orc:2    | Reached *** piety under Jiyva
 27544 | Orc:2    | Gained mutation: Your pliable body absorbs attacks. (AC +2, EV +2) [Jiyva's grace]
 27559 | Orc:2    | Reached **** piety under Jiyva
 27596 | Orc:2    | Gained mutation: You are robust. (+10% HP) [Jiyva's grace]
 27597 | Orc:2    | Found a staircase to the Elven Halls.
 27602 | Orc:2    | Reached ***** piety under Jiyva
 27609 | Orc:2    | Noticed Donald
 27636 | Orc:2    | Killed Donald
 27766 | Orc:2    | Gained mutation: You are covered in slimy tendrils that may disarm your opponents. [Jiyva's grace]
 28102 | Orc:2    | Gained mutation: You can translocate small distances at will. [Jiyva's grace]
 28221 | Orc:2    | Found Ydghal's Food Emporium.
 28237 | Orc:2    | Reached ****** piety under Jiyva
 28566 | Lair:6   | Gained mutation: You are resistant to hostile enchantments. (MR+) [Jiyva's grace]
 28600 | Slime:1  | Entered Level 1 of the Pits of Slime
 28622 | Slime:2  | Noticed an acid blob
 28633 | Slime:4  | Noticed an acid blob
 28640 | Slime:5  | Entered Level 5 of the Pits of Slime
 28645 | Slime:5  | Noticed an acid blob
 28648 | Slime:5  | Noticed the Royal Jelly
 28649 | Slime:5  | Found a viscous altar of Jiyva.
 28649 | Slime:5  | Noticed an acid blob
 28651 | Slime:5  | Gained mutation: Your flesh is heat resistant. (rF+) [Jiyva's grace]
 28654 | Slime:5  | Noticed an acid blob
 28655 | Slime:5  | Gained mutation: You have supernaturally acute eyesight. (SInv) [Jiyva's grace]
 28657 | Slime:5  | Noticed an acid blob
 28661 | Slime:5  | Lost mutation: You can translocate small distances at will. [Jiyva's grace]
 28662 | Slime:5  | Identified Lisofala's Papyrus of the Supportive Blaze
 28664 | Slime:5  | Identified the Volume of Enthralling Stones
 28668 | Slime:5  | Gained mutation: You tend to lose your temper in combat. [Jiyva's grace]
 28676 | Slime:5  | Noticed an acid blob
 28680 | Slime:5  | Got a slimy rune of Zot
 28690 | Slime:5  | Noticed an azure jelly
 28735 | Slime:5  | Killed an acid blob
 28745 | Slime:5  | Killed an acid blob
 28753 | Slime:5  | Killed an acid blob
 28777 | Slime:2  | Noticed an azure jelly
 28784 | Slime:1  | Noticed an azure jelly
 28836 | Slime:1  | Killed an acid blob
 28880 | Slime:1  | Noticed an acid blob
 29122 | Lair:6   | Gained mutation: You are somewhat resistant to further mutation. [Jiyva's grace]
 29234 | Lair:5   | Lost mutation: You tend to lose your temper in combat. [Jiyva's grace]
 29257 | Lair:4   | Reached skill level 10 in Dodging
 29427 | Orc:2    | Found Suxabuz's Magic Scroll Shoppe.
 29435 | Orc:2    | Lost mutation: You are resistant to hostile enchantments. (MR+) [Jiyva's grace]
 29448 | Orc:2    | Lost mutation: Your pliable body absorbs attacks. (AC +2, EV +2) [Jiyva's grace]
 29554 | Orc:2    | Bought a scroll of fear for 42 gold pieces
 29649 | Orc:2    | Lost mutation: You are covered in slimy tendrils that may disarm your opponents. [Jiyva's grace]
 30117 | Orc:2    | Lost mutation: You are robust. (+10% HP) [a neqoxec]
 30528 | Orc:2    | Reached XP level 15. HP: 92/100 MP: 19/29
 30555 | Orc:2    | Gained mutation: You are weak. (Str -2) [Jiyva's grace]
 30784 | Orc:2    | Was placed under penance by Jiyva
 30799 | Orc:2    | Was forgiven by Jiyva
 30820 | Orc:2    | Gained mutation: Your body has grown golden eyes which may confuse attackers. (Acc +3) [Jiyva's grace]
 31414 | Orc:2    | Found Afruog's Antique Armour Shop.
 31414 | Orc:2    | Found Ybiepn's Gadget Boutique.
 31414 | Orc:2    | Found a one-way gate leading to the halls of Pandemonium.
 31434 | Orc:2    | Learned a level 7 spell: Orb of Destruction
 31486 | Orc:2    | Bought an uncursed ring of poison resistance for 340 gold pieces
 31520 | D:9      | Gained mutation: You can translocate small distances at will. [Jiyva's grace]
 31655 | Swamp:1  | Entered Level 1 of the Swamp
 31659 | Swamp:1  | Reached skill level 1 in Shields
 31725 | Swamp:1  | Gained mutation: You are frail. (-10% HP) [potion of mutation]
 31726 | Swamp:1  | Gained mutation: You are partially covered in slimy green scales. (AC +2) [potion of mutation]
 31727 | Swamp:1  | Gained mutation: You are clumsy. (Dex -2) [potion of mutation]
 31855 | Swamp:1  | Noticed a thorn hunter
 31887 | Lair:4   | Gained mutation: You are dopey. (Int -2) [Jiyva's grace]
 31931 | Swamp:1  | Killed a thorn hunter
 31982 | Lair:4   | Lost mutation: You are clumsy. (Dex -2) [Jiyva's power]
 31983 | Lair:4   | Lost mutation: You are dopey. (Int -2) [Jiyva's power]
 31984 | Lair:4   | Lost mutation: You are weak. (Str -2) [Jiyva's power]
 32549 | Swamp:1  | Identified a scroll of acquirement
 32699 | Swamp:1  | Got a brightly glowing quarterstaff
 32739 | Swamp:1  | Gained mutation: You have a pair of small antennae on your head. [Jiyva's grace]
 32740 | Swamp:1  | Reached skill level 5 in Shields
 32901 | Swamp:1  | Noticed an acid blob
 32901 | Swamp:1  | an eight-headed hydra changed into an acid blob
 33229 | Swamp:1  | Gained mutation: You have a pair of antennae on your head. [Jiyva's grace]
 34711 | Swamp:2  | Found a bloodstained altar of Trog.
 35473 | Swamp:3  | Gained mutation: Your body has grown many golden eyes which may confuse attackers. (Acc +5) [Jiyva's grace]
 36036 | Swamp:4  | Entered Level 4 of the Swamp
 36246 | Swamp:4  | Reached skill level 10 in Shields
 36246 | Swamp:4  | Reached XP level 16. HP: 93/97 MP: 23/30
 36247 | Swamp:4  | Lost mutation: You are somewhat resistant to further mutation. [Jiyva's grace]
 37309 | Swamp:4  | Lost mutation: You have a pair of antennae on your head. [Jiyva's grace]
 38253 | Swamp:4  | HP: 2/97 [spectral spiny frog[a ghost crab] (11)]
 39090 | Swamp:4  | Noticed a bone dragon
 39189 | Swamp:4  | Was placed under penance by Jiyva
 40094 | Swamp:4  | Was forgiven by Jiyva
 40584 | Swamp:4  | Noticed a thorn hunter
 40590 | Swamp:4  | Killed a thorn hunter
 40857 | Swamp:4  | Got a decaying rune of Zot
 40917 | Swamp:4  | Noticed a thorn hunter
 40920 | Swamp:4  | Killed a thorn hunter
 41834 | Lair:6   | Got an iridescent flail
 41838 | Lair:6   | Identified the +4 flail of Diplaik {flame, rF- Str+2 Int+4 Dex+3} (You found it on level 6 of the Lair of Beasts)
 42210 | D:10     | Gained mutation: One of your tentacles bears a spike. [Jiyva's grace]
 42494 | D:11     | Lost mutation: You have a pair of small antennae on your head. [Jiyva's grace]
 42971 | D:11     | Found a sparkling altar of Nemelex Xobeh.
 43239 | D:11     | Lost mutation: One of your tentacles bears a spike. [Jiyva's grace]
 43634 | D:12     | Reached XP level 17. HP: 93/98 MP: 34/34
 44028 | D:12     | Lost mutation: You are frail. (-10% HP) [Jiyva's grace]
 44320 | D:13     | Lost mutation: Your body has grown many golden eyes which may confuse attackers. (Acc +5) [Jiyva's grace]
 44370 | D:13     | Lost mutation: You are partially covered in slimy green scales. (AC +2) [Jiyva's grace]
 44440 | D:13     | Was placed under penance by Jiyva
 44447 | D:13     | Was forgiven by Jiyva
 44450 | D:13     | Gained mutation: You are partially covered in yellow scales. (AC +2) [Jiyva's grace]
 44456 | D:13     | Found a flagged portal.
 44466 | Bailey   | Entered a bailey
 44547 | Bailey   | Gained mutation: You evolve. [Jiyva's grace]
 44654 | Bailey   | Lost mutation: You have supernaturally acute eyesight. (SInv) [Jiyva's grace]
 44758 | D:13     | Found a frozen archway.
 44776 | IceCv    | Entered an ice cave
 44838 | IceCv    | Reached skill level 10 in Fighting
 44994 | IceCv    | Gained mutation: One of your tentacles bears a spike. [evolution]
 45057 | IceCv    | Gained mutation: You are robust. (+10% HP) [Jiyva's grace]
 45451 | IceCv    | Lost mutation: You are robust. (+10% HP) [Jiyva's grace]
 45909 | D:13     | Found a gate to the Vaults.
 45968 | D:13     | Gained mutation: You have supernaturally acute eyesight. (SInv) [mutagenic meat]
 45971 | D:13     | Lost mutation: One of your tentacles bears a spike. [mutagenic meat]
 46050 | D:14     | Lost mutation: You are partially covered in yellow scales. (AC +2) [Jiyva's grace]
 46065 | D:14     | Noticed Urug
 46070 | D:14     | Killed Urug
 46307 | D:14     | Noticed Snorg
 46313 | D:14     | Killed Snorg
 46627 | D:14     | Found a sacrificial altar of Ru.
 46856 | D:14     | Gained mutation: One of your tentacles bears a spike. [Jiyva's grace]
 47334 | D:15     | Entered Level 15 of the Dungeon
 47688 | D:15     | Lost mutation: One of your tentacles bears a spike. [mutagenic meat]
 47689 | D:15     | Gained mutation: You are agile. (Dex +2) [mutagenic meat]
 47700 | D:15     | Gained mutation: Your muscles are strong. (Str +2) [mutagenic meat]
 48145 | D:15     | Gained mutation: You are robust. (+10% HP) [Jiyva's grace]
 48170 | D:15     | Gained mutation: You are partially covered in thin metallic scales. (AC +2) [mutagenic meat]
 48171 | D:15     | Lost mutation: You are agile. (Dex +2) [mutagenic meat]
 48172 | D:15     | Gained mutation: You are mostly covered in thin metallic scales. (AC +3) [mutagenic meat]
 48468 | D:15     | Reached skill level 15 in Spellcasting
 48659 | D:15     | Found a staircase to the Depths.
 48930 | Snake:1  | Entered Level 1 of the Snake Pit
 49074 | Snake:1  | Noticed Pytinka's ghost (journeyman MiFi)
 49113 | Snake:1  | Lost mutation: Your flesh is heat resistant. (rF+) [Jiyva's grace]
 49159 | Snake:1  | Killed Pytinka's ghost
 49186 | Snake:1  | Gained mutation: You have a small jelly attached to you that may absorb incoming projectiles. [Jiyva's grace]
 49432 | Snake:1  | Was placed under penance by Jiyva
 49470 | Snake:1  | Was forgiven by Jiyva
 49522 | Snake:1  | Gained mutation: One of your tentacles bears a spike. [Jiyva's grace]
 49674 | Snake:1  | Gained mutation: You are completely covered in thin metallic scales. (AC +4, rElec) [evolution]
 50042 | Snake:1  | Reached XP level 18. HP: 56/136 MP: 12/37
 50322 | Snake:2  | Noticed kasmir's ghost (adept MfIE)
 50331 | Snake:2  | Killed kasmir's ghost
 50436 | Snake:2  | Got an iridescent war axe
 50451 | Snake:2  | Identified the +4 war axe of Painful Death {vamp, rF+ MP+9} (You found it on level 2 of the Snake Pit)
 50470 | Snake:2  | Lost mutation: Your muscles are strong. (Str +2) [Jiyva's grace]
 51128 | Snake:1  | HP: 6/138 [poisoned by a naga ritualist (toxic radiance)]
 51134 | Snake:1  | HP: 5/138 [poisoned by a naga ritualist (toxic radiance)]
 51140 | Snake:1  | HP: 5/138 [poisoned by a naga ritualist (toxic radiance)]
 51148 | Snake:1  | HP: 6/138 [poisoned by a naga ritualist (toxic radiance)]
 51532 | Snake:2  | Gained mutation: Armour fits poorly on your pseudopods. [Jiyva's grace]
 51552 | Snake:2  | Lost mutation: Your body has grown golden eyes which may confuse attackers. (Acc +3) [Jiyva's grace]
 52209 | Snake:2  | Gained mutation: Your natural rate of healing is unusually fast. [potion of beneficial mutation]
 52213 | Snake:2  | Lost mutation: You have a small jelly attached to you that may absorb incoming projectiles. [mutagenic meat]
 52215 | Snake:2  | Gained mutation: Your spells are a little harder to cast, but a little more powerful. [mutagenic meat]
 52553 | Snake:3  | Lost mutation: You can translocate small distances at will. [evolution]
 52695 | Snake:3  | Lost mutation: You are robust. (+10% HP) [Jiyva's grace]
 52914 | Snake:3  | Gained mutation: Your spells are harder to cast, but more powerful. [Jiyva's grace]
 53107 | Snake:4  | Entered Level 4 of the Snake Pit
 53297 | Snake:4  | Gained mutation: You can translocate small distances at will. [Jiyva's grace]
 53375 | Snake:4  | Noticed Aizul
 53384 | Snake:4  | Slimified Aizul
 53384 | Snake:4  | Noticed Aizul
 53384 | Snake:4  | Aizul changed into Aizul the azure jelly
 53385 | Snake:4  | Killed Aizul the azure jelly
 53453 | Snake:4  | Gained mutation: Your muscles are strong. (Str +2) [Jiyva's grace]
 53961 | Snake:4  | Gained mutation: You are covered in slimy tendrils that may disarm your opponents. [Jiyva's grace]
 54309 | Snake:4  | Reached XP level 19. HP: 129/136 MP: 36/39
 54327 | Snake:4  | Gained mutation: Your muscles are very strong. (Str +4) [Jiyva's grace]
 54544 | Snake:4  | Lost mutation: One of your tentacles bears a spike. [Jiyva's grace]
 54824 | Snake:4  | Gained mutation: You possess an exceptional clarity of mind. [evolution]
 54824 | Snake:4  | Lost mutation: You evolve. [end of evolution]
 55024 | Snake:4  | Gained mutation: Your flesh is cold resistant. (rC+) [Jiyva's grace]
 55604 | Snake:4  | Reached skill level 15 in Fighting
 55768 | Snake:4  | Got a serpentine rune of Zot
 56180 | Orc:2    | Bought the amulet of Goafrus {Reflect rElec rPois Str-4 SH+2} for 591 gold pieces
 56184 | Orc:2    | Gained mutation: You passively map a small area around you. [Jiyva's grace]
 56429 | Depths:1 | Entered Level 1 of the Depths
 56577 | Vaults:1 | Entered Level 1 of the Vaults
 56619 | Vaults:1 | Found an iron altar of Okawaru.
 56664 | Vaults:1 | Noticed a Brimstone Fiend
 57166 | Vaults:1 | Lost mutation: Armour fits poorly on your pseudopods. [mutagenic meat]
 57168 | Vaults:1 | Lost mutation: Your spells are harder to cast, but more powerful. [mutagenic meat]
 57171 | Vaults:1 | Lost mutation: You are covered in slimy tendrils that may disarm your opponents. [mutagenic meat]
 57172 | Vaults:1 | Gained mutation: You are agile. (Dex +2) [mutagenic meat]
 57173 | Vaults:1 | Lost mutation: Your spells are a little harder to cast, but a little more powerful. [mutagenic meat]
 57175 | Vaults:1 | Lost mutation: You have supernaturally acute eyesight. (SInv) [mutagenic meat]
 57178 | Vaults:1 | Lost mutation: You are agile. (Dex +2) [mutagenic meat]
 57356 | Vaults:1 | Gained mutation: You are resistant to hostile enchantments. (MR+) [Jiyva's grace]
 57700 | Vaults:1 | Lost mutation: You are resistant to hostile enchantments. (MR+) [Jiyva's grace]
 58136 | Vaults:1 | Gained mutation: You have a pair of small antennae on your head. [Jiyva's grace]
 58196 | Vaults:2 | Gained mutation: You heal very quickly. [Jiyva's grace]
 58498 | Vaults:2 | Lost mutation: You can translocate small distances at will. [Jiyva's grace]
 58547 | Vaults:2 | Gained mutation: Your spells are a little harder to cast, but a little more powerful. [Jiyva's grace]
 58570 | Vaults:2 | Learned a level 6 spell: Iron Shot
 58580 | Vaults:2 | Learned a level 9 spell: Shatter
 58587 | Vaults:2 | Learned a level 6 spell: Deflect Missiles
 58643 | Vaults:2 | Gained mutation: Your mind is acute. (Int +2) [Jiyva's grace]
 58785 | Vaults:2 | Reached XP level 20. HP: 112/147 MP: 38/42
 58918 | Vaults:2 | Lost mutation: Your muscles are very strong. (Str +4) [Jiyva's grace]
 58941 | Vaults:2 | Gained mutation: Your pliable body absorbs attacks. (AC +2, EV +2) [Jiyva's grace]
 59080 | Vaults:2 | Lost mutation: Your muscles are strong. (Str +2) [Jiyva's grace]
 59259 | Vaults:2 | Gained mutation: You are agile. (Dex +2) [Jiyva's grace]
 59484 | Vaults:2 | Lost mutation: Your pliable body absorbs attacks. (AC +2, EV +2) [Jiyva's grace]
 59997 | Depths:1 | Gained mutation: Your body has grown golden eyes which may confuse attackers. (Acc +3) [Jiyva's grace]
 60009 | Depths:1 | Lost mutation: You are agile. (Dex +2) [Jiyva's grace]
 60022 | Depths:1 | Gained mutation: Potions and wands are less effective at restoring your health. [mutagenic glow]
 60060 | Depths:1 | Found a gateway to Hell.
 60128 | Depths:1 | Lost mutation: Your flesh is cold resistant. (rC+) [Jiyva's grace]
 60206 | Depths:1 | Was placed under penance by Jiyva
 60467 | Depths:1 | Found a one-way gate to the infinite horrors of the Abyss.
 60569 | Depths:1 | Was forgiven by Jiyva
 60676 | Depths:1 | Lost mutation: You possess an exceptional clarity of mind. [Jiyva's grace]
 60799 | Depths:2 | Paralysed by a sphinx for 5 turns
 60812 | Depths:2 | Paralysed by a sphinx for 2 turns
 61144 | Depths:2 | Found a gateway to a ziggurat.
 61502 | Depths:2 | Lost mutation: Your spells are a little harder to cast, but a little more powerful. [Jiyva's grace]
 61784 | Depths:2 | Gained mutation: Your spells are a little harder to cast, but a little more powerful. [Jiyva's grace]
 61991 | Depths:2 | Reached skill level 15 in Shields
 62332 | Depths:2 | Got an ichor-stained trident
 62337 | Depths:2 | Identified the +10 trident "Viatwi Xeeca" {freeze, Str+4} (You found it on level 2 of the Depths)
 62563 | Depths:3 | Reached XP level 21. HP: 153/153 MP: 33/43
 62660 | Depths:3 | Reached skill level 1 in Earth Magic
 62685 | Depths:3 | Reached skill level 2 in Earth Magic
 62832 | Depths:3 | Reached skill level 3 in Earth Magic
 62857 | Depths:3 | Gained mutation: You have acidic saliva. [Jiyva's grace]
 62867 | Depths:3 | Lost mutation: You passively map a small area around you. [Jiyva's grace]
 63034 | Depths:3 | Reached skill level 4 in Earth Magic
 63196 | Depths:3 | Gained mutation: You have a small jelly attached to you that senses nearby items. [Jiyva's grace]
 63235 | Depths:3 | Reached skill level 5 in Earth Magic
 63268 | Depths:3 | Reached skill level 6 in Earth Magic
 63379 | Depths:3 | Lost mutation: Your body has grown golden eyes which may confuse attackers. (Acc +3) [Jiyva's grace]
 63688 | Depths:3 | Lost mutation: Potions and wands are less effective at restoring your health. [Jiyva's grace]
 63713 | Depths:3 | Reached skill level 7 in Earth Magic
 63725 | Depths:3 | Got a shimmering long sword {vamp}
 63726 | Depths:3 | Identified the +7 long sword of Xetiwas {vamp, -Tele *Drain rC+ Int+5} (You took it off a hell knight on level 3 of the Depths)
 63749 | Depths:3 | HP: 3/153 [fire giant/fireball (24)]
 63967 | Depths:3 | Got a jewelled hand axe
 63968 | Depths:3 | Identified the +5 hand axe of Dishonour {chop, Int+3 Dex-2} (You found it on level 3 of the Depths)
 64256 | Depths:3 | Reached skill level 8 in Earth Magic
 64526 | Depths:4 | Got a translucent steel ring
 64527 | Depths:4 | Identified the ring of the Little Devil {rN+ AC+3 Int+2 Slay+2 Stlth-} (You acquired it on level 4 of the Depths)
 64556 | Depths:3 | Lost mutation: Your spells are a little harder to cast, but a little more powerful. [Jiyva's grace]
 64686 | Depths:4 | Reached skill level 9 in Earth Magic
 65222 | Depths:4 | Reached skill level 10 in Earth Magic
 65291 | Depths:4 | Lost mutation: You have a pair of small antennae on your head. [Jiyva's grace]
 65403 | Depths:4 | Reached skill level 11 in Earth Magic
 65496 | Depths:4 | Gained mutation: You are robust. (+10% HP) [Jiyva's grace]
 66065 | Depths:4 | Lost mutation: Your mind is acute. (Int +2) [Jiyva's grace]
 66094 | Depths:4 | Reached skill level 12 in Earth Magic
 66099 | Depths:4 | Reached XP level 22. HP: 176/176 MP: 13/44
 66135 | Depths:4 | Noticed a golden dragon
 66149 | Depths:4 | Killed a golden dragon
 66373 | Depths:4 | Lost mutation: You have a small jelly attached to you that senses nearby items. [Jiyva's grace]
 66916 | Depths:4 | Reached skill level 13 in Earth Magic
 67717 | Depths:4 | Gained mutation: You are very robust. (+20% HP) [Jiyva's grace]
 68104 | Elf:1    | Entered Level 1 of the Elven Halls
 68107 | Elf:1    | Reached skill level 14 in Earth Magic
 68156 | Elf:1    | Found a ruined gateway.
 68172 | Desolati | Entered the Desolation of Salt
 68249 | Desolati | Was placed under penance by Jiyva
 68442 | Elf:1    | Lost mutation: You have acidic saliva. [the vengeance of Jiyva]
 68519 | Elf:1    | Was forgiven by Jiyva
 68527 | Elf:1    | Found Neurhaott's Gadget Shop.
 68553 | Elf:1    | Lost mutation: You are very robust. (+20% HP) [Jiyva's grace]
 68996 | Elf:1    | Reached skill level 15 in Earth Magic
 69049 | Elf:1    | Lost mutation: You heal very quickly. [Jiyva's grace]
 69067 | Elf:1    | Learned a level 6 spell: Statue Form
 69071 | Elf:1    | Learned a level 3 spell: Ozocubu's Armour
 69081 | Elf:1    | Gained mutation: You have a pair of small antennae on your head. [Jiyva's grace]
 69165 | Elf:1    | Lost mutation: You have a pair of small antennae on your head. [Jiyva's grace]
 69174 | Elf:1    | Found an ancient bone altar of Kikubaaqudgha.
 69292 | Elf:1    | Lost mutation: Your natural rate of healing is unusually fast. [Jiyva's grace]
 69544 | Elf:2    | Lost mutation: You are completely covered in thin metallic scales. (AC +4, rElec) [Jiyva's grace]
 69705 | Elf:2    | Lost mutation: You are mostly covered in thin metallic scales. (AC +3) [Jiyva's grace]
 69743 | Elf:2    | Found a runed gate.
 69743 | Elf:2    | Found a runed gate.
 69743 | Elf:2    | Found a runed gate.
 69792 | Elf:2    | Found Xefec's Book Shop.
 69997 | Elf:3    | Entered Level 3 of the Elven Halls
 70012 | Elf:3    | Got a steaming glaive
 70035 | Elf:3    | Noticed Asterion
 70076 | Elf:3    | Noticed Saint Roka
 70289 | Elf:3    | Slimified Saint Roka
 70289 | Elf:3    | Noticed Saint Roka
 70289 | Elf:3    | Saint Roka changed into Saint Roka the acid blob
 70289 | Elf:3    | Lost mutation: You are robust. (+10% HP) [Jiyva's grace]
 70333 | Elf:3    | Reached skill level 16 in Earth Magic
 70507 | Elf:3    | Lost mutation: You are partially covered in thin metallic scales. (AC +2) [Jiyva's grace]
 70832 | Elf:3    | Killed Asterion
 70868 | Elf:3    | Noticed Jorgrun
 70872 | Elf:3    | Killed Jorgrun
 70938 | Elf:3    | Reached XP level 23. HP: 65/165 MP: 2/45
 70957 | Elf:3    | Gained mutation: One of your tentacles bears a spike. [Jiyva's grace]
 71215 | Elf:3    | Lost mutation: One of your tentacles bears a spike. [Jiyva's grace]
 71231 | Elf:3    | Killed Saint Roka the acid blob
 71236 | Elf:3    | Got a sparkling iron ring
 71238 | Elf:3    | Identified the ring "Futuipn" {Str+2 Stlth-} (You took it off a deep elf elementalist on level 3 of the Elven Halls)
 71376 | Elf:3    | Reached skill level 17 in Earth Magic
 71603 | Elf:3    | Gained mutation: You have a small jelly attached to you that may absorb incoming projectiles. [Jiyva's grace]
 71606 | Elf:3    | Gained mutation: You possess an exceptional clarity of mind. [Jiyva's grace]
 71609 | Elf:3    | Gained mutation: You are somewhat resistant to further mutation. [Jiyva's grace]
 71611 | Elf:3    | Identified the Reference Book on the Earthen Snowflakes
 71714 | Elf:3    | Lost mutation: You are somewhat resistant to further mutation. [Jiyva's grace]
 72122 | Depths:5 | Entered Level 5 of the Depths
 72258 | D:2      | Gained mutation: You have a small jelly attached to you that senses nearby items. [Jiyva's grace]
 72732 | Depths:3 | Reached skill level 18 in Earth Magic
 73244 | Vaults:3 | Gained mutation: You have acidic saliva. [Jiyva's grace]
 73539 | Vaults:3 | Gained mutation: Your pliable body absorbs attacks. (AC +2, EV +2) [Jiyva's grace]
 73888 | Vaults:3 | Gained mutation: You have very sharp teeth. [Jiyva's grace]
 73998 | Vaults:3 | Gained mutation: Your spells are a little easier to cast, but a little less powerful. [Jiyva's grace]
 74197 | Vaults:3 | Reached skill level 19 in Earth Magic
 74231 | Vaults:3 | Found a staircase to the Crypt.
 74618 | Vaults:3 | Gained mutation: You are robust. (+10% HP) [Jiyva's grace]
 74640 | Vaults:3 | Gained mutation: You are partially covered in thin metallic scales. (AC +2) [Jiyva's grace]
 74700 | Vaults:3 | Lost mutation: Your spells are a little easier to cast, but a little less powerful. [Jiyva's grace]
 75003 | Vaults:3 | Lost mutation: You possess an exceptional clarity of mind. [Jiyva's grace]
 75123 | Vaults:3 | Reached XP level 24. HP: 188/188 MP: 37/45
 75497 | Vaults:4 | Reached skill level 20 in Earth Magic
 75586 | Vaults:4 | Gained mutation: You passively map a small area around you. [Jiyva's grace]
 75636 | Vaults:4 | Gained mutation: You are very robust. (+20% HP) [Jiyva's grace]
 75887 | Vaults:4 | Gained mutation: You possess an exceptional clarity of mind. [Jiyva's grace]
 76333 | Vaults:4 | Gained mutation: Your muscles are strong. (Str +2) [Jiyva's grace]
 76550 | Vaults:4 | Gained mutation: You are covered in slimy tendrils that may disarm your opponents. [Jiyva's grace]
 76852 | Vaults:5 | Entered Level 5 of the Vaults
 76880 | Vaults:4 | Lost mutation: You are partially covered in thin metallic scales. (AC +2) [Jiyva's grace]
 77074 | Vaults:5 | Noticed an ancient lich
 77075 | Vaults:5 | Gained mutation: You are partially covered in large bone plates. (SH +4) [Jiyva's grace]
 77238 | Vaults:5 | Gained mutation: Your gelatinous body deflects attacks. (AC +3, EV +3) [Jiyva's grace]
 77241 | Vaults:5 | Noticed Boris
 77241 | Vaults:5 | HP: 5/269 [golden dragon (18)]
 77241 | Vaults:5 | Slain by a tengu reaver

Skill      XL: |  1  2  3  4  5  6  7  8  9 10 11 12 13 14 15 16 17 18 19 20 21 22 23 24 |
---------------+-------------------------------------------------------------------------+-----
Spellcasting   | 3 4 5 6 7 9 10 13 15 16 18 | 18.6
Conjurations   | 5 6 7 8 10 12 13 14 15 16 | 16.3
Fighting       | 3 7 8 9 12 14 16 | 16.8
Stealth        | 3 8 11 14 | 14.4
Dodging        | 5 8 10 | 10.5
Translocations | 2 4 |  4.0
Shields        | 10 15 | 15.4
Earth Magic    | 12 16 19 20 | 20.8

Action                   |  1- 3 |  4- 6 |  7- 9 | 10-12 | 13-15 | 16-18 | 19-21 | 22-24 || total
-------------------------+-------+-------+-------+-------+-------+-------+-------+-------++-------
Melee: Unarmed           |    25 |       |       |       |       |       |       |     5 ||    30
       Constrict         |     9 |     5 |    16 |    22 |     8 |    59 |    70 |    62 ||   251
       Tentacles         |     3 |     7 |     8 |    12 |     3 |   134 |   173 |   100 ||   440
       Dagger            |     8 |    22 |    69 |    17 |       |       |       |       ||   116
       Lajatang          |       |       |       |    37 |       |       |       |       ||    37
       Whip              |       |       |       |    36 |     4 |       |       |       ||    40
       Staff             |       |       |       |     3 |    44 |   123 |    12 |     6 ||   188
       Kick              |       |       |       |       |       |   116 |     9 |     6 ||   131
       Flail             |       |       |       |       |       |   401 |   572 |   313 ||  1286
       Pseudopods        |       |       |       |       |       |    32 |    47 |       ||    79
       Trident           |       |       |       |       |       |       |     6 |     3 ||     9
       Bite              |       |       |       |       |       |       |    10 |    35 ||    45
 Cast: Magic Dart        |    44 |    61 |    93 |   151 |   147 |   281 |     2 |    29 ||   808
       Searing Ray       |     1 |    10 |    21 |    21 |    11 |    26 |     1 |       ||    91
       Iskenderun's Myst |       |     3 |    64 |   203 |   783 |   298 |    23 |       ||  1374
       Iskenderun's Batt |       |       |       |    22 |    31 |    41 |       |       ||    94
       Fulminant Prism   |       |       |       |    36 |    68 |   108 |    66 |    31 ||   309
       Blink             |       |       |       |       |    11 |     6 |     2 |     2 ||    21
       Repel Missiles    |       |       |       |       |     2 |     9 |     6 |     4 ||    21
       Orb of Destructio |       |       |       |       |    22 |   254 |   275 |   182 ||   733
       Conjure Flame     |       |       |       |       |     1 |     1 |       |       ||     2
       Iron Shot         |       |       |       |       |       |       |   144 |   359 ||   503
       Statue Form       |       |       |       |       |       |       |       |    29 ||    29
       Ozocubu's Armour  |       |       |       |       |       |       |       |     6 ||     6
       Shatter           |       |       |       |       |       |       |       |     5 ||     5
Invok: Request Jelly     |       |       |       |       |     5 |     5 |     5 |     6 ||    21
       Slimify           |       |       |       |       |     4 |     1 |     1 |     4 ||    10
       Cure Bad Mutation |       |       |       |       |     4 |     4 |     2 |       ||    10
 Abil: Blink             |       |       |       |       |       |     1 |       |       ||     1
Evoke: Wand              |       |       |       |       |     6 |       |     1 |     1 ||     8
  Use: Scroll            |       |       |       |    20 |    15 |     9 |    14 |     5 ||    63
       Potion            |       |       |       |     3 |     4 |     5 |     4 |     3 ||    19
 Stab: Sleeping          |       |       |     4 |     1 |       |     4 |     2 |     1 ||    12
       Confused          |       |       |       |       |       |    16 |     4 |       ||    20
       Distracted        |       |       |       |       |       |     2 |     2 |     3 ||     7
  Eat: Chunk             |     1 |    10 |    17 |    30 |    29 |    44 |    24 |       ||   155
       Meat ration       |       |       |       |     3 |     4 |     1 |       |       ||     8
       Bread ration      |       |       |       |       |     3 |    10 |       |       ||    13
Armor: Skin              |     4 |     4 |     3 |    13 |    32 |    75 |    75 |   285 ||   491
Dodge: Dodged            |    19 |    31 |    69 |   107 |   369 |   794 |   738 |   547 ||  2674
       Deflected         |       |       |       |       |     3 |    29 |    34 |    17 ||    83
Block: Shield            |       |       |       |       |    53 |   621 |   762 |   606 ||  2042
       Reflection        |       |       |       |       |       |    43 |    76 |    77 ||   196
